 Dungeon Crawl Stone Soup version 0.27.1-34-g3ba077fa99 (webtiles) character file.

Game seed: 5977238903017075227

678 Destapler the Skirmisher (level 7, -12/62 HPs)
             Began as a Hill Orc Fighter on Jan 24, 2022.
             Was a Priest of Nemelex Xobeh.
             Mangled by a two-headed ogre (33 damage)
             ... on level 5 of the Dungeon.
             The game lasted 00:10:13 (4213 turns).

Destapler the Skirmisher (Hill Orc Fighter)         Turns: 4213, Time: 00:10:14

Health: -12/62     AC: 10    Str: 21    XL:     7   Next: 60%
Magic:  9/9        EV:  8    Int:  8    God:    Nemelex Xobeh [***...]
Gold:   125        SH:  9    Dex: 10    Spells: 6/6 levels left

rFire    . . .     SeeInvis .   a - +0 war axe
rCold    . . .     Faith    .   c - +0 kite shield
rNeg     . . .     Spirit   .   b - +0 scale mail
rPois    .         Reflect  .   h - +2 helmet
rElec    .         Harm     .   (no cloak)
rCorr    +         Rampage  .   (no gloves)
Will     .....                  (no boots)
Stlth    ..........             (no amulet)
HPRegen  0.20/turn              k - ring of resist corrosion
MPRegen  0.11/turn              (no ring)

@: no status effects
A: no striking features
a: Renounce Religion, Draw Escape, Draw Destruction, Draw Summoning, Triple Draw


You were on level 5 of the Dungeon.
You worshipped Nemelex Xobeh.
Nemelex Xobeh was most pleased with you.
You visited 1 branch of the dungeon, and saw 5 of its levels.
You also visited: Sewer.

You collected 125 gold pieces.

Inventory:

Hand Weapons
 a - a +0 war axe (weapon)
Armour
 b - a +0 scale mail (worn)
 c - a +0 kite shield (worn)
 h - a +2 helmet (worn)
Jewellery
 k - a ring of resist corrosion (left hand)
Scrolls
 e - a scroll of identify
 f - a scroll of fear
 g - a scroll of blinking {unknown}
Potions
 d - a potion of might
 i - a potion of curing
 j - 4 potions of heal wounds
 l - 5 potions of flight


   Skills:
 * Level 5.9 Fighting
 * Level 5.4 Axes
 + Level 4.3 Armour
 + Level 1.8 Dodging
 + Level 1.7 Stealth
 + Level 4.3 Shields
 * Level 3.9 Invocations


You had 6 spell levels left.
You didn't know any spells.
Your spell library contained the following spells:

 Spells                   Type           Power      Damage    Failure   Level
 Corpse Rot               Necr/Air       N/A        N/A       100%        2
 Stone Arrow              Conj/Erth      0%         3d7       100%        3
 Dispel Undead            Necr           0%         3d6       100%        4
 Bolt of Magma            Conj/Fire/Erth 0%         4d4       100%        5
 Death Channel            Necr           0%         N/A       100%        6
 Shatter                  Erth           0%         3d5*      100%        9


Dungeon Overview and Level Annotations

Branches:
Dungeon (5/15)             Temple (0/1) D:4           Sewer (visited)

Altars:
Dithmenos
Nemelex Xobeh
Ru
The Shining One

Portals:
Abyss: D:4

Annotations:
D:4 2 transporters, brob1's ghost, amateur DjFE


Message History

You hit the black bear.
The black bear is almost dead.
The black bear goes berserk!
You hit the black bear but do no damage.
The black bear is almost dead.
You block the black bear's attack.
The black bear claws you but does no damage.
The black bear closely misses you. The black bear bites you.
The black bear claws you. The black bear barely misses you.
You closely miss the black bear.
The black bear is almost dead.
The black bear bites you!
* * * LOW HITPOINT WARNING * * *
The black bear claws you.
* * * LOW HITPOINT WARNING * * *
The black bear barely misses you. The black bear bites you.
* * * LOW HITPOINT WARNING * * *
The black bear barely misses you.
The black bear claws you but does no damage.
A two-headed ogre comes into view.
It is wielding two +0 giant spiked clubs.
You block the black bear's attack.
The black bear claws you but does no damage. x2
Throw: throwing net
Press: ? - help, Q - select action, (/) - cycle Shift-Dir - straight line, f - black bear
Aim: a black bear (almost dead, berserk, 65% to hit)
You throw a throwing net. The throwing net hits the black bear.
The black bear is caught in the net!
The black bear is almost dead.
The black bear struggles against the net.
You catch the helpless black bear completely off-guard!
You slash the black bear!
You kill the black bear!
You hit the scorpion zombie.
The scorpion zombie is lightly damaged.
The scorpion zombie hits you but does no damage.
There is a stone staircase leading up here.
The two-headed ogre hits you with a +0 giant spiked club!!
Ouch! That really hurt!
You die...
Your body disappears without a glow.

#...†....#
#..####..#
####..####..##
#.............
#.##..####....
# ##Z.####.. .
# #.........#
##.#O####.##.#
#...@# #
#.#....#
#....#.#
####.#.# ##. .
. .≈ . .≈ ..
...


You could see a two-headed ogre and a scorpion zombie.

Vanquished Creatures
  A black bear (D:5)
  A necrophage (D:5)
  An ice beast (D:4)
  A kobold brigand (Sewer)
  A water moccasin skeleton (D:4)
  A centaur skeleton (D:4)
  A hound (D:5)
  An iguana (D:5)
  3 gnolls (D:4)
  4 adders
  4 river rats (Sewer)
  An adder skeleton (D:4)
  4 dart slugs
  5 orcs
  7 bats
  7 endoplasms
  6 giant cockroaches
  5 goblins
  11 hobgoblins
  5 jackals
  9 kobolds
  7 quokkas
  5 ball pythons
  2 frilled lizards (D:1)
  10 rats
103 creatures vanquished.

Notes
Turn   | Place    | Note
-------+----------+-------------------------------------------
     0 | D:1      | Destapler the Hill Orc Fighter began the quest for the Orb.
     0 | D:1      | Reached XP level 1. HP: 19/19 MP: 1/1
   270 | D:1      | Reached XP level 2. HP: 27/27 MP: 2/2
   651 | D:1      | Reached XP level 3. HP: 28/33 MP: 3/3
   830 | D:1      | Found a faded altar of an unknown god.
   841 | D:1      | Became a worshipper of Nemelex Xobeh the Trickster
   841 | D:1      | Reached * piety under Nemelex Xobeh
   841 | D:1      | Received a gift from Nemelex Xobeh
  1166 | D:1      | Received a gift from Nemelex Xobeh
  1475 | D:2      | Found a shadowy altar of Dithmenos.
  1478 | D:2      | Reached ** piety under Nemelex Xobeh
  1546 | D:2      | Reached XP level 4. HP: 41/41 MP: 4/4
  2078 | D:3      | Reached skill level 1 in Invocations
  2395 | D:3      | Found a glowing drain.
  2406 | Sewer    | Entered a sewer
  2416 | Sewer    | Reached XP level 5. HP: 31/47 MP: 6/6
  2668 | Sewer    | Noticed a kobold brigand
  2693 | Sewer    | Killed a kobold brigand
  2694 | Sewer    | Reached skill level 5 in Fighting
  2694 | Sewer    | Reached skill level 1 in Dodging
  2694 | Sewer    | Reached skill level 1 in Stealth
  2784 | Sewer    | Found a white marble altar of Elyvilon.
  3140 | D:4      | Reached XP level 6. HP: 54/56 MP: 7/7
  3190 | D:4      | Found a sparkling altar of Nemelex Xobeh.
  3241 | D:4      | Found a sacrificial altar of Ru.
  3313 | D:4      | Found a transporter.
  3313 | D:4      | Found a transporter.
  3353 | D:4      | Found a one-way gate to the infinite horrors of the Abyss.
  3353 | D:4      | Noticed brob1's ghost (amateur DjFE)
  3358 | D:4      | Noticed a small abomination
  3381 | D:4      | Noticed a toenail golem
  3383 | D:4      | Found a glowing golden altar of the Shining One.
  3480 | D:4      | Found a staircase to the Ecumenical Temple.
  3515 | D:4      | Reached *** piety under Nemelex Xobeh
  4045 | D:5      | Entered Level 5 of the Dungeon
  4045 | D:5      | Noticed an ice beast
  4055 | D:4      | Killed an ice beast
  4056 | D:4      | Reached skill level 5 in Axes
  4056 | D:4      | Reached XP level 7. HP: 44/61 MP: 9/9
  4200 | D:5      | Noticed a two-headed ogre
  4213 | D:5      | Mangled by a two-headed ogre

Illustrated notes

Levels and vault maps discovered:
D:1:      dpeg_arrival_water_fire, layout_basic,
          hellmonk_ecumenical_altar_crossroads
D:2:      layout_rooms, basic_altar
D:3:      layout_loops_corners, portal_sewer_entry_d, minmay_misc_feat_tower
D:4:      layout_cave_pools, nemelex_dance_club_becter, lemuel_crystal_altar,
          mainiacjoe_overflow_catwalk, minmay_temple_entry_slanted,
          gammafunk_ghost_abyssal_escape
D:5:      minmay_angry_zag, layout_loops_cross, lightli_temple_of_fire,
          elyvilon_altar_4, goddamned_bats, uniq_duvessa

Skill      XL: |  1  2  3  4  5  6 |
---------------+-------------------+-----
Axes           | 3 4 5 |  5.4
Fighting       | 4 5 |  5.9
Invocations    | 1 2 3 |  3.9
Dodging        | 1 |  1.8
Stealth        | 1 |  1.7
Armour         | 4 |  4.3
Shields        | 4 |  4.3

Action                   |  1- 3 |  4- 6 |  7- 9 || total
-------------------------+-------+-------+-------++-------
Melee: War axe           |   122 |   201 |    35 ||   358
Throw: Throwing net      |       |       |     1 ||     1
Invok: Draw Escape       |       |     1 |       ||     1
  Use: Scroll            |       |     5 |       ||     5
 Stab: Held in net/web   |       |       |     1 ||     1
Armor: Scale mail        |    59 |   110 |    23 ||   192
Dodge: Dodged            |    55 |    83 |    18 ||   156
Block: Kite shield       |     8 |    52 |    28 ||    88
       Buckler           |    31 |    32 |       ||    63
